 Dungeon Crawl Stone Soup version 0.21.1-1-g345015f (webtiles) character file.

489 Monsterracer the Chiller (level 7, -21/46 HPs)
             Began as a Human Ice Elementalist on Feb 6, 2018.
             Demolished by an orc warrior
             ... wielding a +0 glaive
              (24 damage)
             ... on level 3 of the Dungeon.
             The game lasted 00:07:28 (4364 turns).

Monsterracer the Chiller (Human Ice Elementalist)   Turns: 4364, Time: 00:07:28

Health: -21/46     AC:  9    Str:  8    XL:     7   Next: 36%
Magic:  3/12       EV: 12    Int: 18    God:
Gold:   115        SH:  0    Dex: 13    Spells: 1/13 levels left

rFire    + . .     SeeInvis .   b - +0 falchion
rCold    . . .     Gourm    .   (no shield)
rNeg     . . .     Faith    .   p - +0 robe
rPois    .         Spirit   .   (no helmet)
rElec    .         Reflect  .   (no cloak)
rCorr    .         Harm     .   q - +0 pair of gloves
MR       .....                  (no boots)
Stlth    ++........             (no amulet)
HPRegen  0.15/turn              i - ring of protection from fire {!d}
MPRegen  0.13/turn              (no ring)

@: icy armour, slow
A: no striking features
a: no special abilities


You were on level 3 of the Dungeon.
You were hungry.

You visited 1 branch of the dungeon, and saw 3 of its levels.
You also visited: Sewer.

You collected 115 gold pieces.

Inventory:

Hand Weapons
 a - a +0 hand axe of flaming
 b - a +0 falchion (weapon)
Armour
 p - a +0 robe (worn)
 q - a +0 pair of gloves (worn)
 s - a cursed +0 leather armour
Jewellery
 i - a ring of protection from fire (left hand) {!d}
Scrolls
 e - a scroll of fog
 f - a scroll of noise {unknown}
 g - 3 scrolls of teleportation
 j - a scroll of fear {unknown}
 o - 3 scrolls of magic mapping {unknown}
 r - a scroll of enchant weapon {unknown}
Potions
 d - a potion of lignification {unknown}
 h - a potion of degeneration {unknown}
 k - 3 potions of heal wounds {unknown}
 l - 2 potions of magic {unknown}
 m - 2 potions of might {unknown}
 n - a potion of haste {unknown}
 t - a potion of mutation {unknown}
Comestibles
 c - 5 rations


   Skills:
 - Level 2.0 Dodging
 - Level 2.0 Stealth
 + Level 3.9 Spellcasting
 + Level 2.9 Conjurations
 * Level 6.2 Ice Magic


You had one spell level left.
You knew the following spells:

 Your Spells              Type           Power        Failure   Level  Hunger
a - Freeze                Ice            ####         1%          1    None
b - Throw Icicle          Conj/Ice       ###.....     22%         4    ####...
c - Ozocubu's Armour      Chrm/Ice       ##......     12%         3    ###....
d - Summon Ice Beast      Ice/Summ       ##......     38%         4    ####...


Dungeon Overview and Level Annotations

Branches:
Dungeon (3/15)

Altars:
Qazlal
Uskayaw
Zin

Annotations:
D:3 1 exclusion, ceb's ghost, amateur HOFi


Message History

Press: ? - help, Shift-Dir - straight line, f - orc
Aim: an orc, wielding a dagger You freeze the orc.
The orc is heavily wounded.
The orc hits you with a dagger.
You take 3 damage, and have 33/46 hp.
You now have 7/12 mp.
Casting: Freeze
Confirm with . or Enter, or press ? or * to list all spells.
Aiming: Freeze
Press: ? - help, Shift-Dir - straight line, f/p - orc
Aim: an orc, wielding a dagger (heavily wounded)
You freeze the orc.
You kill the orc!
You now have 6/12 mp.
Casting: Freeze
Confirm with . or Enter, or press ? or * to list all spells.
Aiming: Freeze
Press: ? - help, Shift-Dir - straight line, f - orc wizard
Aim: an orc wizard, wielding a dagger and wearing a robe (fast)
You freeze the orc wizard.
The orc wizard is lightly wounded.
The orc wizard hits you but does no damage.
The orc wizard misses you.
Casting: Freeze
Confirm with . or Enter, or press ? or * to list all spells.
Aiming: Freeze
Press: ? - help, Shift-Dir - straight line, f/p - orc wizard
Aim: an orc wizard, wielding a dagger and wearing a robe (lightly wounded, fast)
You freeze the orc wizard.
The orc wizard is moderately wounded.
The orc wizard completely misses you.
You now have 5/12 mp.
Casting: Freeze
Confirm with . or Enter, or press ? or * to list all spells.
Aiming: Freeze
Press: ? - help, Shift-Dir - straight line, f/p - orc wizard
Aim: an orc wizard, wielding a dagger and wearing a robe (moderately wounded, fast)
You freeze the orc wizard.
The orc wizard is severely wounded.
The orc wizard hits you but does no damage.
The orc wizard hits you with a dagger.
You take 4 damage, and have 30/46 hp.
You now have 4/12 mp.
Casting: Freeze
Confirm with . or Enter, or press ? or * to list all spells.
Aiming: Freeze
Press: ? - help, Shift-Dir - straight line, f/p - orc wizard
Aim: an orc wizard, wielding a dagger and wearing a robe (severely wounded, fast)
You freeze the orc wizard.
The orc wizard is severely wounded.
The orc wizard hits you but does no damage.
You now have 3/12 mp.
Casting: Freeze
Confirm with . or Enter, or press ? or * to list all spells.
Aiming: Freeze
Press: ? - help, Shift-Dir - straight line, f/p - orc wizard
Aim: an orc wizard, wielding a dagger and wearing a robe (severely wounded, fast)
You freeze the orc wizard.
You kill the orc wizard!
You now have 2/12 mp.
Casting: Freeze
Confirm with . or Enter, or press ? or * to list all spells.
Aiming: Freeze
Press: ? - help, Shift-Dir - straight line, f - orc
Aim: an orc, wielding a dagger and wearing a leather armour You freeze the orc.
You kill the orc!
You now have 1/12 mp.
Casting: Freeze
Confirm with . or Enter, or press ? or * to list all spells.
Aiming: Freeze
Press: ? - help, Shift-Dir - straight line, f - orc
Aim: an orc, wielding a flail You freeze the orc.
The orc is lightly wounded.
The orc hits you with a flail.
You now have 0/12 mp.
You are too injured to fight recklessly!
You are too injured to fight recklessly!
You hit the orc.
The orc is moderately wounded.
The orc closely misses you.
You riposte.
You hit the orc but do no damage.
The orc is moderately wounded.
You hit the orc.
You kill the orc!
An orc warrior comes into view. It is wielding a glaive.
The orc warrior closely misses you.
An orc comes into view.
Items here: ! $ )))) [[ † The orc warrior hits you from afar with a glaive!!
* * * LOW HITPOINT WARNING * * *
Things that are here:
a hand axe; a ring mail You take 19 damage, and have 11/46 hp.
MASSIVE DAMAGE!!
The orc warrior hits you from afar with a glaive!
* * * LOW HITPOINT WARNING * * *
You take 11 damage, and have 1/46 hp.
MASSIVE DAMAGE!!
Sorry, you're not good enough to have a special ability.
The orc warrior hits you from afar with a glaive!!
Ouch! That really hurt!
You die...

......#...###.##.#...#.## ###..##
...>##.#..# #.#####'#### ......
....##.#..###.#.##...# #....
#<####.#........###_## #)#
...###.#.#..###...############)##
...†##.#....# #.####.............
)...........###.# #.########.##.
....#####.##....## #.# #.##.
...## #.###...@###.# #.##. #.##
#.# #.....o..# #.##. .##
#.###....##### #.##. ##
#.......#############.##. #####
###.###...............##. ....#
#.# #.################. ###.#
#.###.######## #. #.#
#............# #.# ###.#.######.#
####.


You could see an orc warrior.

Vanquished Creatures
  3 orc priests (D:3)
  A hound (D:2)
  4 orc wizards (D:3)
  Natasha (thrice) (D:3)
  5 adders
  3 river rats (Sewer)
  2 oozes
  A worm (D:3)
  A dart slug (D:2)
  5 leopard geckos
  11 orcs (D:3)
  10 giant cockroaches
  8 goblins
  A hobgoblin (D:2)
  9 kobolds
  5 ball pythons
  7 bats
  16 frilled lizards
  10 rats
105 creatures vanquished.

Vanquished Creatures (others)
  A kobold (D:3)
  A bush (D:3)
  7 plants (D:3)
9 creatures vanquished.

Grand Total: 114 creatures vanquished

Notes
Turn   | Place    | Note
-------+----------+-------------------------------------------
     0 | D:1      | Monsterracer the Human Ice Elementalist began the quest for the Orb.
     0 | D:1      | Reached XP level 1. HP: 13/13 MP: 3/3
   165 | D:1      | Reached XP level 2. HP: 19/19 MP: 0/5
   565 | D:1      | Reached XP level 3. HP: 24/24 MP: 3/6
   575 | D:1      | Learned a level 3 spell: Ozocubu's Armour
  1147 | D:2      | You fall through a shaft!
  1150 | D:3      | Reached skill level 4 in Ice Magic
  1165 | D:3      | Noticed ceb's ghost (amateur HOFi)
  1168 | D:3      | HP: 9/24 [ceb's ghost (5)]
  1209 | D:3      | Noticed Natasha
  1217 | D:3      | HP: 8/24 [Natasha (5)]
  1219 | D:3      | Killed Natasha
  1219 | D:3      | Reached XP level 4. HP: 10/30 MP: 0/8
  1236 | D:3      | Noticed Natasha
  1272 | D:3      | HP: 13/30 [Natasha/magic dart (2)]
  1272 | D:3      | HP: 3/30 [orc priest/divine providence (10)]
  1542 | D:3      | Killed Natasha
  1587 | D:3      | Found a glowing drain.
  1604 | D:3      | Reached XP level 5. HP: 35/35 MP: 3/9
  1614 | D:3      | Learned a level 4 spell: Throw Icicle
  1641 | D:3      | HP: 17/35 [orc priest/divine providence (8)]
  1647 | Sewer    | Entered a sewer
  1684 | Sewer    | HP: 12/35 [ball python (2)]
  2006 | Sewer    | Reached skill level 5 in Ice Magic
  2518 | D:3      | Reached XP level 6. HP: 41/41 MP: 6/10
  3122 | D:2      | Learned a level 4 spell: Summon Ice Beast
  3479 | D:3      | Reached XP level 7. HP: 36/46 MP: 8/12
  3489 | D:3      | HP: 17/46 [orc wizard/magic dart (8)]
  3503 | D:3      | Reached skill level 6 in Ice Magic
  3553 | D:3      | Noticed Natasha
  3557 | D:3      | HP: 21/46 [Natasha/magic dart (7)]
  3560 | D:3      | Killed Natasha
  3737 | D:3      | Found a glowing silver altar of Zin.
  3739 | D:3      | Found a stormy altar of Qazlal.
  3739 | D:3      | Found a hide-covered altar of Uskayaw.
  4061 | D:3      | HP: 23/46 [poisoned by a kobold]
  4067 | D:3      | HP: 21/46 [poisoned by a kobold]
  4075 | D:3      | HP: 19/46 [poisoned by a kobold]
  4083 | D:3      | HP: 18/46 [poisoned by a kobold]
  4348 | D:3      | HP: 11/46 [orc warrior/glaive (19)]
  4353 | D:3      | HP: 1/46 [orc warrior/glaive (11)]
  4364 | D:3      | Demolished by an orc warrior

Skill      XL: |  1  2  3  4  5  6  7 |
---------------+----------------------+-----
Ice Magic      | 4 5 6 |  6.2
Spellcasting   | 3 |  3.9
Conjurations   | 2 |  2.9
Dodging        | |  2.0
Stealth        | |  2.0

Action                   |  1- 3 |  4- 6 |  7- 9 || total
-------------------------+-------+-------+-------++-------
Melee: Unarmed           |    19 |    38 |       ||    57
       Falchion          |       |    13 |     4 ||    17
       Hand axe          |       |       |     3 ||     3
 Cast: Freeze            |    46 |    89 |    35 ||   170
       Ozocubu's Armour  |       |     2 |     2 ||     4
       Throw Icicle      |       |     1 |       ||     1
  Use: Scroll            |     3 |       |       ||     3
 Stab: Sleeping          |     1 |     2 |       ||     3
  Eat: Chunk             |     1 |     8 |     2 ||    11
Armor: Robe              |    19 |    15 |     7 ||    41
Dodge: Dodged            |    33 |    70 |    21 ||   124
       Rpst.: Falchion   |       |     8 |     4 ||    12

Vault maps used:
D:1:      dpeg_arrival_stone_temple_mockup, minmay_lizard_king
D:2:      first_ration, minmay_misc_feat_plants
D:3:      cheibrodos_old_hovel, grunt_temple_overflow_diamond,
          portal_sewer_entry_f, lexackson_kobold_supper, uniq_natasha
Sewer:    sewer_co_cracked_pipes
